 Dungeon Crawl Stone Soup version 0.32-a0-649-gd0e5102 (webtiles) character file.

Game seed: 13273935915175189639

58 Meow the Conjurer (level 4, 36/36 HPs)
             Began as a Naga Conjurer on Mar 8, 2024.
             Quit the game on level 2 of the Dungeon.
             The game lasted 00:03:24 (1463 turns).

Meow the Conjurer (Naga Conjurer)                   Turns: 1463, Time: 00:03:25

Health: 36/36      AC:  2    Str:  9    XL:     4   Next: 1%
Magic:  4/8        EV:  9    Int: 20    God:
Gold:   63         SH:  0    Dex: 10    Spells: 6/9 levels left

rFire   . . .        a - +2 rapier (venom)
rCold   . . .        (no shield)
rNeg    . . .        c - +0 robe
rPois   +            (no helmet)
rElec   .            (no cloak)
rCorr   .            (no gloves)
SInv    +            (no barding)
Will    .....        (no amulet)
Stlth   ++           (no ring)
HPRegen 0.26/turn    (no ring)
MPRegen 0.11/turn

%: no passive effects
@: very slow
A: AC +1, large, see invisible, deformed body, poison resistance, slowness 2,
spit poison 1, naga tail 1
a: Spit Poison


You were on level 2 of the Dungeon.
You visited 1 branch of the dungeon, and saw 2 of its levels.

You collected 63 gold pieces.

Inventory:

Hand Weapons
 a - a +2 rapier of venom (weapon)
Missiles
 f - 5 stones
 j - 10 poisoned darts
Armour
 c - a +0 robe (worn)
Talismans
 l - a blade talisman
Scrolls
 d - a scroll of identify {unknown}
 e - 2 scrolls of teleportation {unknown}
 h - a scroll of acquirement {unknown}
 m - a scroll of noise {unknown}
Potions
 b - a potion of curing {unknown}
 g - a potion of magic
 i - a potion of brilliance {unknown}
 k - a potion of might {unknown}


   Skills:
 - Level 1.5 Dodging
 - Level 3.0 Stealth
 + Level 3.0 Spellcasting
 + Level 4.8 Conjurations


You had 6 spell levels left.
You knew the following spells:

 Your Spells              Type           Power      Damage    Failure   Level
a - Magic Dart            Conj           88%        1d7       1%          1
b - Searing Ray           Conj           44%        2d6       3%          2

Your spell library contained the following spells:

 Spells                   Type           Power      Damage    Failure   Level
 Inner Flame              Hex/Fire       3%         N/A       38%         3
 Fulminant Prism          Conj/Alch      6%         3d7       45%         4
 Iskenderun's Mystic Bla  Conj/Tloc      12%        2d5       45%         4
 Irradiate                Conj/Alch      6%         3d13      82%         5
 Ignition                 Fire           1%         3d3       100%        8


Dungeon Overview and Level Annotations

Branches:
Dungeon (2/15)

Altars:
Yredelemnul


Innate Abilities, Weirdness & Mutations

Your serpentine skin is tough. (AC +1)
You have supernaturally acute eyesight. (SInv)
Armour fits poorly on your strangely shaped body.
Your system is resistant to poisons. (rPois)
You cover ground very slowly.
You can spit poison.
You have a snake-like lower body.


Message History

A quokka comes into view.
Unknown command.
You have got your breath back.
The searing ray hits Jessica.
You kill Jessica!
You finish channelling your searing ray.
Your Spellcasting skill increases to level 3!
Unknown command.
Aiming: Spit Poison (2% risk of failure)
Press: ? - help, Shift-Dir - straight line, f - quokka
Aim: a quokka (wandering, hasn't noticed you, 45% to hit)
The splash of poison hits the quokka.
The quokka is heavily wounded.
Unknown command.
You hit the quokka.
The quokka is poisoned.
The quokka is almost dead.
You kill the quokka!
You start resting.
You have got your breath back.
You start resting.
Magic restored.
Things that are here:
a +0 club; a +0 robe
e - 2 scrolls labelled NUCYANWOLOOSM (gained 1)
m - a scroll labelled ZIGGAI JELO An endoplasm comes into view.
Casting: Searing Ray (safe; 3% risk of failure)
Confirm with . or Enter, or press ? or * to list all spells.
Aiming: Searing Ray (safe; 3% risk of failure)
Press: ? - help, Shift-Dir - straight line, f - endoplasm
Aim: an endoplasm (asleep, 100% to hit)
The searing ray hits the endoplasm.
The endoplasm is heavily wounded.
The endoplasm quivers. (Press . to maintain the ray.)
The searing ray hits the endoplasm!
You kill the endoplasm!
You have reached level 4!
You feel agile.
Are you sure you want to abandon this character and quit the game? (Confirm with "yes".)

###########.# #...........#
#.#########.# #...# #.# ###.###
#.# #...# #.# # ###.# #.#
....###.#####.# ####
#....@#.....# ..# #.....#.##..#
####†#######.....# #...########
.....#...........#.#..........#
....[............#.#...######.#
..####.......###.#.#...#......#
.....#.......#...#.#...#.#....#
..##.#.......#.###.#...#.###.##
#.# #.......#.#.........###.#


There were no monsters in sight!

Vanquished Creatures
  Jessica (D:2)
  2 ribbon worms (D:2)
  A dart slug (D:1)
  A bat (D:1)
  5 endoplasms
  A giant cockroach (D:1)
  2 goblins (D:1)
  A kobold (D:1)
  A quokka (D:2)
  A ball python (D:1)
  4 frilled lizards
  5 rats
25 creatures vanquished.

Notes
Turn   | Place    | Note
-------+----------+-------------------------------------------
     0 | D:1      | Meow the Naga Conjurer began the quest for the Orb.
     0 | D:1      | Reached XP level 1. HP: 15/15 MP: 3/3
   385 | D:1      | Reached XP level 2. HP: 22/22 MP: 3/5
   391 | D:1      | Learned a level 2 spell: Searing Ray
  1070 | D:2      | Found a basalt altar of Yredelemnul.
  1157 | D:2      | Reached XP level 3. HP: 28/28 MP: 2/6
  1329 | D:2      | Noticed Jessica
  1334 | D:2      | Killed Jessica
  1463 | D:2      | Reached XP level 4. HP: 36/36 MP: 4/8
  1463 | D:2      | Quit the game

Illustrated notes

Levels and vault maps discovered:
D:1:      sevenhm_arrival_forest_fort_small_5, layout_loops_ring,
          serial_park_tiny_2, kennysheep_boxes
D:2:      layout_basic, basic_altar, nicolae_figureground_sparkle, uniq_jessica,
          uniq_robin

Skill      XL: |  1  2  3 |
---------------+----------+-----
Spellcasting   | 3 |  3.0
Dodging        | |  1.5
Stealth        | |  3.0
Conjurations   | |  4.8

Action                     |  1- 3 |  4- 6 || total
---------------------------+-------+-------++-------
  Melee: Dagger            |     3 |       ||     3
         Rapier            |     1 |       ||     1
   Cast: Magic Dart        |    36 |       ||    36
         Searing Ray       |     3 |       ||     3
Ability: Spit Poison       |    14 |       ||    14
 Armour: Robe              |     3 |       ||     3
  Dodge: Dodged            |     3 |       ||     3

Table legend: (Time is in decaauts)
 A = Elapsed time spent in this place.
 B = Non-inter-level travel time spent in this place.
 C = Inter-level travel time spent in this place.
 D = Time resting spent in this place.
 E = Time spent auto-exploring this place.
 F = Levels seen in this place.
 G = Mean time per level.
                   A        B        C        D        E       F      G
               +--------+--------+--------+--------+--------+-----+--------+
         Total |   1858 |   1767 |     91 |    351 |   1198 |   2 |  929.0 |
       Dungeon |   1858 |   1767 |     91 |    351 |   1198 |   2 |  929.0 |
               +--------+--------+--------+--------+--------+-----+--------+

Top non-repeatable levels by time:
     D:1: 1265 daAuts
     D:2: 593 daAuts
